 Dungeon Crawl Stone Soup version 0.30-a0-972-gf3ab3527aa (webtiles) character file.

Game seed: 14642479209238680231

9 retardedninja the Trooper (level 2, -5/28 HPs)
             Began as a Naga Fighter on Mar 31, 2023.
             Slain by a kobold
             ... wielding a +2 dagger of electrocution
              (14 damage)
             ... on level 1 of the Dungeon.
             The game lasted 00:00:29 (335 turns).

retardedninja the Trooper (Naga Fighter)             Turns: 335, Time: 00:00:30

Health: -5/28      AC:  4    Str: 18    XL:     2   Next: 16%
Magic:  2/2        EV:  7    Int:  8    God:
Gold:   14         SH:  4    Dex: 10    Spells: 1/1 levels left

rFire   . . .      SeeInvis +    a - +0 war axe
rCold   . . .      Faith    .    c - +0 buckler
rNeg    . . .      Spirit   .    b - +0 scale mail
rPois   +          Reflect  .    (no helmet)
rElec   .          Rampage  .    (no cloak)
rCorr   .                        (no gloves)
Will    .....                    (no barding) Stlth
                                 (no amulet)
HPRegen 0.24/turn                (no ring)
MPRegen 0.08/turn                (no ring)

@: very slow
A: AC +0, large, see invisible, deformed body, poison resistance, slowness 2,
spit poison 1, naga tail 1
a: Spit Poison


You were on level 1 of the Dungeon.
You visited 1 branch of the dungeon, and saw 1 of its levels.

You collected 14 gold pieces.

Inventory:

Hand Weapons
 a - a +0 war axe (weapon)
Armour
 b - a +0 scale mail (worn)
 c - a +0 buckler (worn)
Scrolls
 e - a scroll of teleportation {unknown}
 f - a scroll of noise {unknown}
Potions
 d - a potion of might


   Skills:
 + Level 3.1 Fighting
 * Level 2.2 Axes
 + Level 2.5 Armour
 + Level 2.8 Shields


You had one spell level left.
You didn't know any spells.
Your spell library was empty.

Dungeon Overview and Level Annotations

Branches:
Dungeon (1/15)

Altars:


Innate Abilities, Weirdness & Mutations

Your serpentine skin is tough. (AC +0)
You have supernaturally acute eyesight. (SInv)
Armour fits poorly on your strangely shaped body.
Your system is resistant to poisons. (rPois)
You cover ground very slowly.
You can spit poison.
You have a snake-like lower body.


Message History

Key pressed, stopping explore.
No target in view!
e - a scroll labelled VYKUR XIRIU Key pressed, stopping explore.
No target in view!
Key pressed, stopping explore.
No target in view!
f - a scroll labelled KATAGOTZAUPP Key pressed, stopping explore.
No target in view!
Key pressed, stopping explore.
No target in view!
Found a stone staircase leading down.
No target in view!
Key pressed, stopping explore.
No target in view!
You now have 14 gold pieces (gained 11).
A kobold comes into view.
It is wielding a +2 dagger of electrocution.
The kobold shouts!
The kobold throws a stone.
The stone hits you but does no damage.
A kobold is nearby!
A kobold is nearby!
A kobold is nearby!
You barely miss the kobold.
The kobold hits you with a +2 dagger of electrocution.
You are electrocuted!
A kobold is nearby!
You are too injured to fight recklessly!
A kobold is nearby!
You are too injured to fight recklessly!
A kobold is nearby!
You are too injured to fight recklessly!
A kobold is nearby!
You are too injured to fight recklessly!
You closely miss the kobold. The kobold closely misses you.
You closely miss the kobold.
The kobold hits you with a +2 dagger of electrocution. x2
You are electrocuted!
Ouch! That really hurt!
You die...

### # ##.. # #. .##.#
##.#.#####.##.#
........... #.#
##.......####.#
......K@...##.#######
####.###............#
###.##.#####.# #.##.#
#.# #.##.# #.# #.##.#
#.# #.##.#####.####
#.##.........>.
#..........####


You could see a kobold.

Vanquished Creatures
  A dart slug (D:1)
  2 ball pythons (D:1)
  A hobgoblin (D:1)
  A quokka (D:1)
  A bat (D:1)
  A kobold (D:1)
7 creatures vanquished.

Notes
Turn   | Place    | Note
-------+----------+-------------------------------------------
     0 | D:1      | retardedninja the Naga Fighter began the quest for the Orb.
     0 | D:1      | Reached XP level 1. HP: 21/21 MP: 1/1
   196 | D:1      | Reached XP level 2. HP: 27/28 MP: 2/2
   335 | D:1      | Slain by a kobold

Illustrated notes

Levels and vault maps discovered:
D:1:      lightli_arrival_statue_moat, layout_loops_ring

Action                     || total
---------------------------++-------
  Melee: War axe           ||    31
 Armour: Scale mail        ||    17
  Dodge: Dodged            ||     7
  Block: Buckler           ||     5

Table legend: (Time is in decaauts)
 A = Elapsed time spent in this place.
 B = Non-inter-level travel time spent in this place.
 C = Inter-level travel time spent in this place.
 D = Time resting spent in this place.
 E = Time spent auto-exploring this place.
 F = Levels seen in this place.
 G = Mean time per level.
                   A        B        C        D        E       F      G
               +--------+--------+--------+--------+--------+-----+--------+
         Total |    446 |    446 |      0 |      0 |    371 |   1 |  446.0 |
       Dungeon |    446 |    446 |      0 |      0 |    371 |   1 |  446.0 |
               +--------+--------+--------+--------+--------+-----+--------+

Top non-repeatable levels by time:
     D:1: 446 daAuts
